 Dungeon Crawl Stone Soup version 0.31.0-7-gf635a9b802 (webtiles) character file.

Game seed: 17822549813351383774

64 sanka the Digger (level 4, -4/24 HPs)
             Began as a Gargoyle Earth Elementalist on Jan 22, 2024.
             Slain by an iguana (13 damage)
             ... on level 4 of the Dungeon on Jan 23, 2024.
             The game lasted 00:03:28 (2696 turns).

sanka the Digger (Gargoyle Earth Elementalist)      Turns: 2696, Time: 00:03:29

Health: -4/24      AC:  5    Str: 12    XL:     4   Next: 12%
Magic:  2/7        EV: 11    Int: 17    God:
Gold:   187        SH:  0    Dex: 10    Spells: 6/7 levels left

rFire   . . .        e - +0 mace
rCold   . . .        (no shield)
rNeg    + . .        a - +0 robe
rPois   ∞            (no helmet)
rElec   +            (no cloak)
rCorr   .            (no gloves)
SInv    .            (no boots)
Will    .....        (no amulet)
Stlth   ++           (no ring)
HPRegen 0.24/turn    (no ring)
MPRegen 0.10/turn

%: no passive effects
@: no status effects
A: sickness immunity, AC +3, negative energy resistance 1, electricity
resistance, torment resistance 1, petrification resistance
a: no special abilities


You were on level 4 of the Dungeon.
You visited 1 branch of the dungeon, and saw 4 of its levels.

You collected 187 gold pieces.


Innate Abilities, Weirdness & Mutations

You are immune to sickness and miasma.
Your stone body is resilient. (AC +3)
You are immune to poison.
You resist negative energy. (rN+)
You are resistant to electric shocks. (rElec)
You are resistant to unholy torment.
You are immune to petrification.


   Skills:
 - Level 1.5 Dodging
 - Level 2.1 Stealth
 - Level 2.0 Spellcasting
 + Level 3.0 Conjurations
 + Level 4.9 Earth Magic


You had 6 spell levels left.
You knew the following spells:

 Your Spells              Type           Power      Damage    Failure   Level
z - Sandblast             Erth           36%        2d10      2%          1

Your spell library contained the following spells:

 Spells                   Type           Power      Damage    Failure   Level
 Passwall                 Erth           18%        N/A       8%          3
 Sting                    Conj/Alch      24%        1d4       11%         1
 Stone Arrow              Conj/Erth      30%        3d8       12%         3
 Momentum Strike          Conj/Tloc      12%        3d8       16%         2
 Apportation              Tloc           2%         N/A       19%         1
 Necrotise                Necr           4%         1d4       19%         1
 Slow                     Hex            4%         N/A       19%         1
 Summon Small Mammal      Summ           4%         N/A       19%         1
 Blink                    Tloc           2%         N/A       28%         2
 Lesser Beckoning         Tloc           2%         N/A       28%         2
 Brom's Barrelling Bould  Conj/Erth      15%        2d4       36%         4
 Confusing Touch          Hex            1%         N/A       50%         3
 Gell's Gravitas          Tloc           1%         N/A       50%         3
 Sigil of Binding         Hex            1%         N/A       50%         3
 Teleport Other           Tloc           1%         N/A       50%         3
 Vampiric Draining        Necr           1%         2d6       50%         3
 Petrify                  Alch/Erth      10%        N/A       56%         4

Inventory:

Hand Weapons
 e - a +0 mace (weapon)
Armour
 a - a +0 robe (worn)
Talismans
 d - a beast talisman
Scrolls
 c - 5 scrolls of identify {unknown}
 g - a scroll of enchant armour {unknown}
 h - 2 scrolls of teleportation {unknown}
 j - a scroll of revelation {unknown}
 k - a scroll of fear {unknown}
 o - a scroll of noise {unknown}
 p - 2 scrolls of amnesia {unknown}
 q - a scroll of immolation {unknown}
Potions
 b - a potion of magic
 f - 4 potions of curing {unknown}
 i - 2 potions of heal wounds {unknown}
 l - 2 potions of attraction {unknown}
 m - a potion of invisibility {unknown}
 n - 3 potions of might {unknown}

Dungeon Overview and Level Annotations

Branches:
Dungeon (4/15)
 Temple: D:4-7

Altars:
Dithmenos

Shops:
D:2

*
<.........▒▒+▒........▒
..........▒..▒........▒
▒▒▒▒..................▒
.....~~~~.~≈~~~.......▒
.....~≈≈~.~≈≈≈≈.▒▒▒▒▒▒▒
.....~≈≈~.~≈≈≈≈.......▒
.....~≈≈≈.~~~~~.......▒
▒▒▒..~~~≈.......▒▒▒▒▒▒▒▒
▒........~≈~≈.8l......
...~~~~~.~≈≈~.........
...≈~~≈~.~≈≈~.........
..~≈≈≈~.~≈≈~.........
~~.~~~~.........
................
▒▒▒.▒▒▒▒▒▒▒+▒▒▒▒ ..


You could see an iguana.


Message History

A goblin comes into view. It is wielding a +0 dagger.
Found a book of Debilitation.
A goblin is nearby!
A goblin is nearby!
The goblin shouts!
The blast of sand hits the goblin!
You kill the goblin!
Magic restored.
You pick up a book of Debilitation and begin reading...
You add the spells Slow, Sigil of Binding, Vampiric Draining and Confusing Touch to your library.
An iguana comes into view.
The iguana hisses angrily.
An iguana is nearby!
The blast of sand hits the iguana.
The iguana is lightly wounded.
The blast of sand hits the iguana but does no damage.
The iguana is lightly wounded.
The iguana barely misses you.
The blast of sand hits the iguana.
The iguana is heavily wounded.
The iguana bites you! The iguana bites you!
* * * LOW HITPOINT WARNING * * *
The blast of sand misses the iguana.
The iguana misses you.
The blast of sand hits the iguana but does no damage.
The iguana is heavily wounded.
The iguana bites you!
Ouch! That really hurt!
You die...

Action                     |  1- 3 |  4- 6 || total
---------------------------+-------+-------++-------
  Melee: Mace              |    14 |       ||    14
   Cast: Sandblast         |    50 |    11 ||    61
 Armour: Robe              |    25 |     5 ||    30
  Dodge: Dodged            |    22 |     2 ||    24

Levels and vault maps discovered:
D:1:      dpeg_arrival_ternary, layout_loops_ring, minmay_pentomino_q4
D:2:      layout_loops_ring, basic_altar, serial_shops, nicolae_shop_trees
D:3:      layout_loops_ring
D:4:      layout_gridville, nemelex_diamond_rough_becter, dk_vineyard_1,
          serial_library_regret_index_double_sided, minivault_14,
          serial_library_hellmonk_angled_corner

Notes
Turn   | Place    | Note
-------+----------+-------------------------------------------
     0 | D:1      | sanka the Gargoyle Earth Elementalist began the quest for
                  | the Orb.
     0 | D:1      | Reached XP level 1. HP: 10/10 MP: 3/3
   237 | D:1      | Upgraded the game from 0.31.0-4-g52a2dc7128 to
                  | 0.31.0-7-gf635a9b802
   239 | D:1      | Reached XP level 2. HP: 15/15 MP: 0/5
   335 | D:1      | Reached skill level 4 in Earth Magic
   467 | D:1      | Reached skill level 2 in Conjurations
   832 | D:1      | Reached XP level 3. HP: 19/19 MP: 3/6
  1418 | D:2      | Found Jiaq's General Store.
  1544 | D:2      | Found a shadowy altar of Dithmenos.
  1994 | D:3      | Reached XP level 4. HP: 24/24 MP: 5/7
  2239 | D:3      | Reached skill level 3 in Conjurations
  2696 | D:4      | Slain by an iguana

Vanquished Creatures
  An adder (D:2)
  An orc (D:3)
  4 ball pythons
  7 bats
  5 endoplasms
  A giant cockroach (D:1)
  A hobgoblin (D:3)
  6 jackals
  4 quokkas
  2 frilled lizards (D:1)
  8 goblins
  3 kobolds
  2 rats
45 creatures vanquished.
